| TOP OF THE 1ST |
|
Great Falls Voyagers batting - Pitching for Fargo Brewmasters : RHP Steven Stone
|
|
Pitching: RHP Steven Stone
|
|
|
Batting: LHB Jose Fernandez
|
0-0: Called Strike 0-1: Ball 1-1: Ground out 4-3 (Groundball, 4S, EV 66.9 MPH)
|
|
Batting: LHB Juan Villaescusa
|
0-0: Foul Ball, location: 2F 0-1: SINGLE (Groundball, 34D, EV 94.4 MPH)
|
|
Batting: RHB Johnny Paredes
|
0-0: Ball Juan Villaescusa steals 2nd base 1-0: Foul Ball, location: 2F 1-1: Foul Ball, location: 2F 1-2: Ball 2-2: Fly out, F9 (Flyball, 9LM, EV 88.1 MPH) Runner from 2nd tags up, SAFE at 3rd, no throw by RF
|
|
Batting: RHB Jose Gomez
|
0-0: Called Strike 0-1: Called Strike 0-2: Ground out U3 (Groundball, 3, EV 106.9 MPH)
|
| Top of the 1st over - 0 runs, 1 hit, 0 errors, 1 left on base; Great Falls 0 - Fargo 0 |
| BOTTOM OF THE 1ST |
|
Fargo Brewmasters batting - Pitching for Great Falls Voyagers : RHP Julian Polanco
|
|
Pitching: RHP Julian Polanco
|
|
|
Batting: SHB Angel Escobar
|
0-0: Swinging Strike 0-1: Ball 1-1: Swinging Strike 1-2: Ground out 6-3 (Groundball, 6, EV 103.1 MPH)
|
|
Batting: LHB Victor Fernandez
|
0-0: Called Strike 0-1: Ground out 5-3 (Groundball, 56S, EV 69.4 MPH)
|
|
Batting: RHB Forace Oxendine
|
0-0: Called Strike 0-1: SINGLE (Groundball, 6MD, EV 95.0 MPH)
|
|
Batting: RHB Dick E Scott
|
0-0: Ball 1-0: Called Strike 1-1: Ground out 4-3 (Groundball, 4, EV 85.6 MPH)
|
| Bottom of the 1st over - 0 runs, 1 hit, 0 errors, 1 left on base; Great Falls 0 - Fargo 0 |
| TOP OF THE 2ND |
|
Great Falls Voyagers batting - Pitching for Fargo Brewmasters : RHP Steven Stone
|
|
Batting: SHB John Kanter
|
0-0: Called Strike 0-1: Ball 1-1: Swinging Strike 1-2: Strikes out looking
|
|
Batting: SHB Gerald Young
|
0-0: Called Strike 0-1: Foul Ball, location: 2F 0-2: Foul Ball, location: 2F 0-2: Ball 1-2: Ground out U3 (Groundball, 34D, EV 83.1 MPH)
|
|
Batting: LHB John Yari
|
0-0: Ball 1-0: Called Strike 1-1: Foul Ball, location: 2F 1-2: Ball 2-2: Foul Ball, location: 2F 2-2: Ball 3-2: Strikes out swinging
|
| Top of the 2nd over - 0 runs, 0 hits, 0 errors, 0 left on base; Great Falls 0 - Fargo 0 |
| BOTTOM OF THE 2ND |
|
Fargo Brewmasters batting - Pitching for Great Falls Voyagers : RHP Julian Polanco
|
|
Batting: RHB Gus Polidor
|
0-0: SINGLE (Flyball, 78S, EV 83.8 MPH)
|
|
Batting: RHB Juan Picart
|
0-0: Called Strike 0-1: Swinging Strike 0-2: Ball 1-2: Foul Ball, location: 2F 1-2: Ball 2-2: SINGLE (Line Drive, 78S, EV 103.8 MPH) Gus Polidor to second
|
|
Batting: LHB Nunzio Bartoli
|
0-0: Swinging Strike 0-1: Ball 1-1: Reached on error, E9 (Line Drive, 9, EV 94.4 MPH) Gus Polidor to third Juan Picart to second
|
|
Batting: RHB Adolph Crump
|
0-0: Called Strike 0-1: Foul Ball, location: 2F 0-2: Ball 1-2: Foul Ball, location: 2F 1-2: Ball 2-2: Ball 3-2: SINGLE (Flyball, 7LS, EV 93.1 MPH) Gus Polidor scores Juan Picart to third Nunzio Bartoli to second
|
|
Batting: RHB Randall Thorpe
|
0-0: Foul Ball, location: 2F 0-1: Foul Ball, location: 2F 0-2: Strikes out swinging
|
|
Batting: SHB Angel Escobar
|
0-0: Fielders Choice at 2nd, 4-6 (Groundball, 4D, EV 103.8 MPH) Juan Picart scores Nunzio Bartoli to third
|
|
Batting: LHB Victor Fernandez
|
0-0: Called Strike 0-1: Ball 1-1: Called Strike 1-2: Fly out, F8 (Line Drive, 8RD, EV 106.3 MPH)
|
| Bottom of the 2nd over - 2 runs, 3 hits, 1 error, 2 left on base; Great Falls 0 - Fargo 2 |
| TOP OF THE 3RD |
|
Great Falls Voyagers batting - Pitching for Fargo Brewmasters : RHP Steven Stone
|
|
Batting: RHB Anthony Notaroberto
|
0-0: Ball 1-0: Ball 2-0: Ball 3-0: Called Strike 3-1: Base on Balls
|
|
Batting: RHB Harvey Wilkerson
|
0-0: Ball 1-0: Ball 2-0: Called Strike 2-1: Reached on error, E3 (Groundball, 34, EV 84.4 MPH) Anthony Notaroberto to second
|
|
Batting: LHB Jose Fernandez
|
0-0: Ball 1-0: Called Strike 1-1: Ball 2-1: Ball 3-1: Foul Ball, location: 2F 3-2: Foul Ball, location: 2F 3-2: Fielders Choice at 2nd, 5-4 (Groundball, 56S, EV 84.4 MPH) Anthony Notaroberto to third
|
|
Batting: LHB Juan Villaescusa
|
0-0: Ball 1-0: Ball 2-0: Fielders Choice at 2nd, 6-4 (Groundball, 6M, EV 105.6 MPH) Anthony Notaroberto scores
|
|
Batting: RHB Johnny Paredes
|
0-0: Called Strike 0-1: Fly out, F8 (Flyball, 8RM, EV 95.0 MPH)
|
| Top of the 3rd over - 1 run, 0 hits, 1 error, 1 left on base; Great Falls 1 - Fargo 2 |
| BOTTOM OF THE 3RD |
|
Fargo Brewmasters batting - Pitching for Great Falls Voyagers : RHP Julian Polanco
|
|
Batting: RHB Forace Oxendine
|
0-0: Foul Ball, location: 2F 0-1: Called Strike 0-2: Foul Ball, location: 2F 0-2: Ground out 6-3 (Groundball, 6M, EV 96.3 MPH)
|
|
Batting: RHB Dick E Scott
|
0-0: Called Strike 0-1: Ball 1-1: Foul Ball, location: 2F 1-2: Foul Ball, location: 2F 1-2: Ball 2-2: Ball 3-2: Ground out 4-3 (Groundball, 4, EV 97.5 MPH)
|
|
Batting: RHB Gus Polidor
|
0-0: Foul Ball, location: 2F 0-1: Foul Ball, location: 2F 0-2: Ground out 4-3 (Groundball, 4, EV 104.4 MPH)
|
| Bottom of the 3rd over - 0 runs, 0 hits, 0 errors, 0 left on base; Great Falls 1 - Fargo 2 |
| TOP OF THE 4TH |
|
Great Falls Voyagers batting - Pitching for Fargo Brewmasters : RHP Steven Stone
|
|
Batting: RHB Jose Gomez
|
0-0: Ball 1-0: Foul Ball, location: 2F 1-1: Called Strike 1-2: Ball 2-2: Ball 3-2: Reached on error, E6 (Groundball, 6, EV 100.0 MPH)
|
|
Batting: SHB John Kanter
|
0-0: Swinging Strike 0-1: Swinging Strike 0-2: Strikes out looking
|
|
Batting: SHB Gerald Young
|
0-0: Ball 1-0: Called Strike 1-1: Ball 2-1: Foul Ball, location: 2F 2-2: Strikes out looking
|
|
Batting: LHB John Yari
|
0-0: Ball 1-0: Ball 2-0: Foul Ball, location: 2F 2-1: Ground out 4-3 (Groundball, 4S, EV 73.1 MPH)
|
| Top of the 4th over - 0 runs, 0 hits, 1 error, 1 left on base; Great Falls 1 - Fargo 2 |
| BOTTOM OF THE 4TH |
|
Fargo Brewmasters batting - Pitching for Great Falls Voyagers : RHP Julian Polanco
|
|
Batting: RHB Juan Picart
|
0-0: Called Strike 0-1: Ball 1-1: Foul Ball, location: 2F 1-2: SINGLE (Groundball, 56D, EV 104.4 MPH)
|
|
Batting: LHB Nunzio Bartoli
|
0-0: Ball 1-0: Called Strike 1-1: Ball 2-1: Grounds into double play, 4-6-3 (Groundball, 4M, EV 103.1 MPH)
|
|
Batting: RHB Adolph Crump
|
0-0: Ball 1-0: Ball 2-0: Ball 3-0: Called Strike 3-1: Fly out, F9 (Flyball, 9LM, EV 85.6 MPH)
|
| Bottom of the 4th over - 0 runs, 1 hit, 0 errors, 0 left on base; Great Falls 1 - Fargo 2 |
| TOP OF THE 5TH |
|
Great Falls Voyagers batting - Pitching for Fargo Brewmasters : RHP Steven Stone
|
|
Batting: RHB Anthony Notaroberto
|
0-0: Called Strike 0-1: Ball 1-1: Ball 2-1: SINGLE (Groundball, 56D, EV 108.8 MPH)
|
|
Batting: RHB Harvey Wilkerson
|
0-0: Grounds into double play, 3-6-3 (Groundball, 34, EV 103.1 MPH)
|
|
Batting: LHB Jose Fernandez
|
0-0: Fly out, F3 (Line Drive, 3, EV 69.4 MPH)
|
| Top of the 5th over - 0 runs, 1 hit, 0 errors, 0 left on base; Great Falls 1 - Fargo 2 |
| BOTTOM OF THE 5TH |
|
Fargo Brewmasters batting - Pitching for Great Falls Voyagers : RHP Julian Polanco
|
|
Batting: RHB Randall Thorpe
|
0-0: Called Strike 0-1: Swinging Strike 0-2: Ball 1-2: Ground out 6-3 (Groundball, 6M, EV 83.1 MPH)
|
|
Batting: SHB Angel Escobar
|
0-0: Ball 1-0: Ball 2-0: Ball 3-0: Called Strike 3-1: Foul Ball, location: 2F 3-2: Base on Balls
|
|
Batting: LHB Victor Fernandez
|
0-0: Ball 1-0: Called Strike 1-1: SINGLE (Groundball, 3D, EV 103.8 MPH) Angel Escobar to second Runner from 2nd tries for 3rd, OUT! 9-5
|
|
Batting: RHB Forace Oxendine
|
0-0: Ball 1-0: Ball 2-0: Ball 3-0: Called Strike 3-1: Base on Balls Victor Fernandez to second
|
|
Batting: RHB Dick E Scott
|
0-0: Called Strike 0-1: Ball 1-1: Ball 2-1: Ground out U3 (Groundball, 3, EV 81.9 MPH)
|
| Bottom of the 5th over - 0 runs, 1 hit, 0 errors, 2 left on base; Great Falls 1 - Fargo 2 |
| TOP OF THE 6TH |
|
Great Falls Voyagers batting - Pitching for Fargo Brewmasters : RHP Steven Stone
|
|
Batting: LHB Juan Villaescusa
|
0-0: Called Strike 0-1: Ground out 4-3 (Groundball, 4M, EV 88.1 MPH)
|
|
Batting: RHB Johnny Paredes
|
0-0: Called Strike 0-1: Ball 1-1: TRIPLE (Line Drive, 89XD, EV 106.3 MPH)
|
|
Batting: RHB Jose Gomez
|
0-0: Ball 1-0: Fly out, F9 (Flyball, 9, EV 89.4 MPH)
|
|
Batting: SHB John Kanter
|
0-0: Called Strike 0-1: Ground out 5-3 (Groundball, 56, EV 90.0 MPH)
|
| Top of the 6th over - 0 runs, 1 hit, 0 errors, 1 left on base; Great Falls 1 - Fargo 2 |
| BOTTOM OF THE 6TH |
|
Fargo Brewmasters batting - Pitching for Great Falls Voyagers : RHP Julian Polanco
|
|
Batting: RHB Gus Polidor
|
0-0: Called Strike 0-1: Ball 1-1: SINGLE (Groundball, 34D, EV 97.5 MPH)
|
|
Batting: RHB Juan Picart
|
0-0: Ball 1-0: Ball 2-0: Called Strike 2-1: Ball 3-1: Foul Ball, location: 2F 3-2: Base on Balls Gus Polidor to second
|
|
Batting: LHB Nunzio Bartoli
|
0-0: Called Strike 0-1: Swinging Strike 0-2: Ball 1-2: Ball 2-2: Fly out, F6 (Popup, 6, EV 76.9 MPH)
|
|
Batting: RHB Adolph Crump
|
0-0: DOUBLE (Groundball, 5L, EV 105.0 MPH) Gus Polidor scores Juan Picart to third Runner from 3rd tries for Home, SAFE, throw by LF to home
|
|
Pitching: RHP Brian Roerden
|
|
|
Batting: RHB Randall Thorpe
|
0-0: Ball 1-0: Fly out, F6 (Flyball, 6D, EV 93.1 MPH)
|
|
Batting: SHB Angel Escobar
|
0-0: Swinging Strike 0-1: Ball 1-1: Swinging Strike 1-2: Ground out 5-3 (Groundball, 56S, EV 86.3 MPH)
|
| Bottom of the 6th over - 2 runs, 2 hits, 0 errors, 1 left on base; Great Falls 1 - Fargo 4 |
| TOP OF THE 7TH |
|
Great Falls Voyagers batting - Pitching for Fargo Brewmasters : RHP Steven Stone
|
|
Batting: SHB Gerald Young
|
0-0: Ball 1-0: Called Strike 1-1: Ball 2-1: Swinging Strike 2-2: Ground out 6-3 (Groundball, 6, EV 93.1 MPH)
|
|
Batting: LHB John Yari
|
0-0: Called Strike 0-1: Ball 1-1: Fly out, F8 (Flyball, 8LM, EV 93.8 MPH)
|
|
Batting: RHB Anthony Notaroberto
|
0-0: Ball 1-0: Ball 2-0: Ball 3-0: Base on Balls
|
|
Batting: RHB Harvey Wilkerson
|
0-0: Fly out, F8 (Flyball, 8RD, EV 101.3 MPH)
|
| Top of the 7th over - 0 runs, 0 hits, 0 errors, 1 left on base; Great Falls 1 - Fargo 4 |
| BOTTOM OF THE 7TH |
|
Fargo Brewmasters batting - Pitching for Great Falls Voyagers : RHP Brian Roerden
|
|
Batting: LHB Victor Fernandez
|
0-0: Ball 1-0: Called Strike 1-1: Called Strike 1-2: Ball 2-2: Ball 3-2: Base on Balls
|
|
Batting: RHB Forace Oxendine
|
0-0: Called Strike 0-1: Ball 1-1: Ball 2-1: Swinging Strike 2-2: Foul Ball, location: 2F 2-2: Strikes out looking
|
|
Batting: RHB Dick E Scott
|
0-0: Called Strike 0-1: Ball 1-1: Ball 2-1: Ground out 6-3 (Groundball, P, EV 76.9 MPH) Victor Fernandez to second
|
|
Batting: RHB Gus Polidor
|
0-0: Ball 1-0: Called Strike 1-1: SINGLE (Groundball, 6M, EV 96.3 MPH) (infield hit) Victor Fernandez to third
|
|
Pitching: RHP Donald Fenton
|
|
|
Batting: RHB Juan Picart
|
0-0: Ball 1-0: Fly out, F5 (Popup, 25F, EV 75.6 MPH)
|
| Bottom of the 7th over - 0 runs, 1 hit, 0 errors, 2 left on base; Great Falls 1 - Fargo 4 |
| TOP OF THE 8TH |
|
Great Falls Voyagers batting - Pitching for Fargo Brewmasters : RHP Steven Stone
|
|
Batting: LHB Jose Fernandez
|
0-0: Called Strike 0-1: Ground out 6-3 (Groundball, 6MS, EV 81.9 MPH)
|
|
Batting: LHB Juan Villaescusa
|
0-0: Ball 1-0: SINGLE (Line Drive, 56D, EV 95.0 MPH)
|
|
Batting: RHB Johnny Paredes
|
0-0: Ball 1-0: Fielders Choice at 2nd, 1-4 (Groundball, P, EV 66.9 MPH)
|
|
Batting: RHB Jose Gomez
|
0-0: TRIPLE (Flyball, 89XD, EV 99.4 MPH) Johnny Paredes scores
|
|
Batting: SHB John Kanter
|
0-0: Ball 1-0: Called Strike 1-1: Foul Ball, location: 2F 1-2: Foul Ball, location: 2F 1-2: Foul Ball, location: 2F 1-2: Ball 2-2: Foul Ball, location: 2F 2-2: Foul Ball, location: 2F 2-2: Ball 3-2: Foul Ball, location: 2F 3-2: Base on Balls
|
|
Pinch Hitting: LHB Jim O'Dell
|
0-0: Called Strike 0-1: DOUBLE (Flyball, 89D, EV 98.8 MPH) Jose Gomez scores John Kanter to third Runner from 3rd tries for Home, SAFE, no throw by CF
|
|
Batting: LHB John Yari
|
0-0: SINGLE (Groundball, 4MD, EV 94.4 MPH) Jim O'Dell to third Runner from 3rd tries for Home, SAFE, throw by CF to home
|
|
Pitching: LHP Allan Bauman
|
|
|
Batting: RHB Anthony Notaroberto
|
0-0: DOUBLE (Groundball, 5L, EV 108.1 MPH) John Yari to third Runner from 3rd tries for Home, throw by LF and OUT! 7-6-2
|
| Top of the 8th over - 4 runs, 5 hits, 0 errors, 1 left on base; Great Falls 5 - Fargo 4 |
| BOTTOM OF THE 8TH |
|
Fargo Brewmasters batting - Pitching for Great Falls Voyagers : RHP Donald Fenton
|
|
Now at 2B: Paulino Garcia
|
|
|
Batting: LHB Nunzio Bartoli
|
0-0: Ball 1-0: Fly out, F7 (Flyball, 78S, EV 88.1 MPH)
|
|
Batting: RHB Adolph Crump
|
0-0: Ball 1-0: Ball 2-0: Fly out, F8 (Flyball, 8LD, EV 98.1 MPH)
|
|
Batting: RHB Randall Thorpe
|
0-0: Ball 1-0: Ball 2-0: Ball 3-0: Base on Balls
|
|
Pitching: LHP Pat Clements
|
|
|
Batting: SHB Angel Escobar
|
0-0: Ball 1-0: Ball 2-0: Called Strike 2-1: Foul Ball, location: 2F 2-2: Ball 3-2: Ground out 4-3 (Groundball, 4, EV 84.4 MPH)
|
| Bottom of the 8th over - 0 runs, 0 hits, 0 errors, 1 left on base; Great Falls 5 - Fargo 4 |
| TOP OF THE 9TH |
|
Great Falls Voyagers batting - Pitching for Fargo Brewmasters : LHP Allan Bauman
|
|
Pitching: LHP Pat Larkin
|
|
|
Batting: RHB Harvey Wilkerson
|
0-0: Ball 1-0: Fly out, F8 (Flyball, 8RS, EV 89.4 MPH)
|
|
Batting: LHB Jose Fernandez
|
0-0: Fly out, F2 (Popup, 2RF, EV 83.8 MPH)
|
|
Batting: LHB Juan Villaescusa
|
0-0: Ball 1-0: Ground out 6-3 (Groundball, 6, EV 87.5 MPH)
|
| Top of the 9th over - 0 runs, 0 hits, 0 errors, 0 left on base; Great Falls 5 - Fargo 4 |
| BOTTOM OF THE 9TH |
|
Fargo Brewmasters batting - Pitching for Great Falls Voyagers : LHP Pat Clements
|
|
Now in LF: Mac Powers
|
|
|
Batting: LHB Victor Fernandez
|
0-0: Ball 1-0: Foul Ball, location: 2F 1-1: Foul Ball, location: 2F 1-2: Foul Ball, location: 2F 1-2: Strikes out swinging
|
|
Batting: RHB Forace Oxendine
|
0-0: Ball 1-0: Ball 2-0: Foul Ball, location: 2F 2-1: Called Strike 2-2: Ground out 6-3 (Groundball, 6, EV 85.6 MPH)
|
|
Batting: RHB Dick E Scott
|
0-0: Ball 1-0: Ball 2-0: SINGLE (Line Drive, 9LM, EV 99.4 MPH)
|
|
Batting: RHB Gus Polidor
|
0-0: Fly out, F8 (Flyball, 8RS, EV 74.4 MPH)
|
| Bottom of the 9th over - 0 runs, 1 hit, 0 errors, 1 left on base; Great Falls 5 - Fargo 4 |
|